 Dungeon Crawl Stone Soup version 0.18.1-6-gd335043 (webtiles) character file.

1089 mistymad the Covered (level 8, -1/50 HPs)
             Began as a Gargoyle Fighter on May 21, 2016.
             Was a Follower of Okawaru.
             Slain by a troll (10 damage)
             ... on level 6 of the Dungeon.
             The game lasted 00:12:01 (4579 turns).

mistymad the Covered (Gargoyle Fighter)             Turns: 4579, Time: 00:12:03

Health: -1/50      AC: 15    Str: 20    XL:     8   Next: 30%
Magic:  17/17      EV:  8    Int:  9    God:    Okawaru [*.....]
Gold:   170        SH: 15    Dex: 11    Spells: 0 memorised, 7 levels left

rFire  . . .     SeeInvis .     G - +0 morningstar
rCold  . . .     Gourm    .     E - +1 ring mail of Woothreto {-Cast Regen+ MP+9 Stlth+}
rNeg   + . .     Faith    .     l - +0 large shield
rPois  ∞         Spirit   .     (no helmet)
rElec  +         Dismiss  .     y - +0 cloak
rCorr  .         Reflect  .     (no gloves)
SustAt .         Harm     .     w - +0 pair of boots
MR     .....     NoCast   +     v - amulet of regeneration
Stlth  ++........               (no ring)
                                (no ring)

@: not resistant to hostile enchantments, unstealthy
A: negative energy resistance 1, electricity resistance, unbreathing,
petrification resistance, rot immunity, AC +5
a: Heroism, Renounce Religion


You were on level 6 of the Dungeon.
You worshipped Okawaru.
Okawaru was aware of your devotion.
You were not hungry.

You visited 2 branches of the dungeon, and saw 8 of its levels.

You collected 170 gold pieces.

Inventory:

Hand Weapons
 G - a +0 morningstar (weapon)
Armour
 l - a +0 large shield (worn)
 w - a +0 pair of boots (worn)
 y - a +0 cloak (worn)
 E - the +1 ring mail of Woothreto (worn) {-Cast Regen+ MP+9 Stlth+}
   (You found it on level 5 of the Dungeon)

   It affects your magic capacity (+9).
   It prevents spellcasting.
   It increases your rate of regeneration.
   It makes you more stealthy.
Jewellery
 v - an amulet of regeneration (around neck)
Wands
 A - a wand of flame (32/48)
Scrolls
 d - 4 scrolls of noise {unknown}
 g - 3 scrolls of fear {unknown}
 h - 5 scrolls of identify {unknown}
 i - 2 scrolls of fog {unknown}
 j - a scroll of magic mapping {unknown}
 n - a scroll of amnesia {unknown}
 r - 2 scrolls of immolation {unknown}
 s - a scroll of recharging {unknown}
 t - a scroll of enchant armour {unknown}
 u - a scroll of teleportation {unknown}
 x - 4 scrolls of remove curse {unknown}
 D - 2 scrolls of enchant weapon {unknown}
Potions
 e - 2 potions of mutation {unknown}
 k - 2 potions of curing {unknown}
 m - 2 potions of heal wounds {unknown}
 p - a potion of haste {unknown}
 q - a potion of cancellation {unknown}
 z - 2 potions of degeneration {unknown}
 C - a potion of flight {unknown}
 F - a potion of agility {unknown}
 H - a potion of lignification {unknown}
Comestibles
 a - 5 fruits
 b - 7 chunks of flesh
 c - 2 beef jerkies
 f - 5 bread rations
 o - 4 meat rations
 B - a slice of pizza


   Skills:
 + Level 5.6 Fighting
 + Level 4.6 Maces & Flails
 + Level 5.7 Armour
 + Level 3.3 Dodging
 + Level 5.5 Shields


You had 7 spell levels left.
You didn't know any spells.

Dungeon Overview and Level Annotations

Branches:
Dungeon (7/15)             Temple (1/1) D:4

Altars:
Ashenzari
Cheibriados
Dithmenos
Elyvilon
Fedhas
Gozag
Kikubaaqudgha
Makhleb
Nemelex Xobeh
Okawaru
Pakellas
Qazlal
Ru
Sif Muna
Trog
Vehumet
Xom
Yredelemnul
Zin
The Shining One


Innate Abilities, Weirdness & Mutations

You are resistant to torment.
Your stone body is resilient (AC +5).
You are immune to poison.
You resist negative energy.
You are resistant to electric shocks.
You can survive without breathing.
You are immune to petrification.
You are immune to rotting.


Message History

You climb downwards.
An orc and 2 orc priests come into view.
The orc priest shouts! x2
There is a stone staircase leading up here.
The orc priest hits you but does no damage.
You climb upwards.
You block the troll's attack. The troll barely misses you.
You block the troll's attack.
There is a stone staircase leading down here.
You closely miss the orc priest. The troll misses you.
The troll barely misses you. x2
The orc priest invokes the aid of Beogh against you.
You struggle to resist.
The troll bites you but does no damage. You block the troll's attack. x2
You sock the orc priest!
The orc priest is heavily wounded.
The orc priest invokes the aid of Beogh against you.
Pain shoots through your body!
* * * LOW HITPOINT WARNING * * *
The troll bites you!
You die...

####...........#
#####.......#
###...### ..#
#...# ..# ##.##
#.# #.# #.# #.#
#.# #o# #.# #@#
#.# #T#
###.##########.#
###.......#...##.#
....##'##........#
.####.†.####..{..#
## #...#..###..##
.# #...#..#.##.#
[# #...#..#).'.#


You could see a troll and an orc priest.

Vanquished Creatures
  The ghost of ThereIsNoGod the Covert, a novice OpAs (D:5)
  Sigmund (D:2)
  An orc warrior (D:6)
  A phantom (D:5)
  The ghost of ThereIsNoGod the Sneak, an amateur OpAs (D:3)
  A hound (D:6)
  A jelly (D:6)
  A giant frog skeleton (D:4)
  3 orc wizards
  Ijyb (D:2)
  2 worker ants
  2 hound skeletons
  4 adders
  3 worms (D:2)
  3 dart slugs
  3 giant geckos
  13 orcs
  4 bats
  3 giant cockroaches
  10 goblins
  4 hobgoblins
  11 jackals
  9 kobolds
  3 quokkas
  2 ball pythons
  A giant cockroach zombie (D:5)
  3 giant newts
  A jackal skeleton (D:4)
  A quokka skeleton (D:4)
  10 rats
104 creatures vanquished.

Vanquished Creatures (others)
  An orc wizard (D:6)
1 creature vanquished.

Grand Total: 105 creatures vanquished

Notes
Turn   | Place    | Note
--------------------------------------------------------------
     0 | D:1      | mistymad the Gargoyle Fighter began the quest for the Orb.
     0 | D:1      | Reached XP level 1. HP: 14/14 MP: 1/1
   289 | D:1      | Reached XP level 2. HP: 19/19 MP: 2/2
   892 | D:1      | Reached skill level 1 in Dodging
  1045 | D:2      | Found a blossoming altar of Fedhas.
  1084 | D:2      | Noticed Ijyb
  1110 | D:2      | Killed Ijyb
  1110 | D:2      | Reached XP level 3. HP: 20/23 MP: 3/3
  1231 | D:2      | Noticed Sigmund
  1258 | D:2      | Killed Sigmund
  1258 | D:2      | Reached XP level 4. HP: 13/29 MP: 4/4
  1258 | D:2      | Reached XP level 5. HP: 15/33 MP: 5/5
  1531 | D:2      | Reached XP level 6. HP: 38/38 MP: 6/6
  2049 | D:3      | Noticed ThereIsNoGod's ghost (amateur OpAs)
  2125 | D:3      | Killed ThereIsNoGod's ghost
  2625 | D:4      | Found a staircase to the Ecumenical Temple.
  2635 | Temple   | Entered the Ecumenical Temple
  2711 | Temple   | Became a worshipper of Warmaster Okawaru
  3133 | D:4      | Found a glowing golden altar of the Shining One.
  3135 | D:4      | Noticed an angel
  3142 | D:4      | Found a basalt altar of Yredelemnul.
  3144 | D:4      | Noticed a profane servitor
  3485 | D:5      | Entered Level 5 of the Dungeon
  3533 | D:5      | Reached XP level 7. HP: 44/44 MP: 7/7
  3623 | D:5      | Noticed ThereIsNoGod's ghost (novice OpAs)
  3658 | D:5      | Killed ThereIsNoGod's ghost
  3658 | D:5      | Reached skill level 5 in Fighting
  3658 | D:5      | Reached skill level 5 in Armour
  3658 | D:5      | Reached skill level 5 in Shields
  3731 | D:5      | Reached * piety under Okawaru
  4020 | D:5      | Got a jewelled ring mail
  4031 | D:5      | Identified the +1 ring mail of Woothreto {-Cast Regen+ MP+9 Stlth+} (You found it on level 5 of the Dungeon)
  4121 | D:5      | Reached XP level 8. HP: 49/49 MP: 8/8
  4548 | D:6      | Noticed a wyvern
  4549 | D:6      | Noticed a troll
  4579 | D:6      | Slain by a troll

Skill      XL: |  1  2  3  4  5  6  7 |
---------------+----------------------+-----
Dodging        | 1 2 3 |  3.3
Fighting       | 4 5 |  5.6
Maces & Flails | 3 4 |  4.6
Armour         | 4 5 |  5.7
Shields        | 4 5 |  5.5

Action                   |  1- 3 |  4- 6 |  7- 9 || total
-------------------------+-------+-------+-------++-------
Melee: Flail             |   120 |   250 |     1 ||   371
       Morningstar       |       |       |   210 ||   210
Invok: Heroism           |       |       |     1 ||     1
  Use: Potion            |     1 |       |       ||     1
  Eat: Chunk             |     1 |     8 |     4 ||    13
Armor: Scale mail        |    80 |   148 |    30 ||   258
       Ring mail         |       |       |    66 ||    66
Dodge: Dodged            |    38 |    86 |    41 ||   165
Block: Shield            |    69 |   101 |       ||   170
       Large shield      |       |    60 |   146 ||   206
